 Dungeon Crawl Stone Soup version 0.31-a0-182-gc5ef74bbde (webtiles) character file.

Game seed: 1602425409977739908

848 qw the Chopper (level 8, -1/49 HPs)
             Began as a Gargoyle Fighter on June 21, 2023.
             Slain by a wyvern (8 damage)
             ... on level 5 of the Dungeon.
             The game lasted 00:02:20 (4352 turns).

qw the Chopper (Gargoyle Fighter)                   Turns: 4352, Time: 00:02:20

Health: -1/49      AC: 16    Str: 22    XL:     8   Next: 1%
Magic:  8/8        EV:  8    Int:  9    God:
Gold:   181        SH:  4    Dex:  9    Spells: 7/7 levels left

rFire   . . .        Y - +1 war axe
rCold   . . .        c - +0 buckler
rNeg    + . .        o - +0 chain mail
rPois   inf          (no helmet)
rElec   +            g - +1 cloak
rCorr   .            (no gloves)
SInv    .            (no boots)
Will    .....        (no amulet) Stlth
                     (no ring)
HPRegen 0.28/turn    (no ring)
MPRegen 0.11/turn

%: no passive effects
@: about to teleport
A: sickness immunity, AC +5, negative energy resistance 1, electricity
resistance, torment resistance 1, petrification resistance
a: no special abilities


You were on level 5 of the Dungeon.
You visited 1 branch of the dungeon, and saw 5 of its levels.

You collected 181 gold pieces.


Innate Abilities, Weirdness & Mutations

You are immune to sickness and miasma.
Your stone body is resilient. (AC +5)
You are immune to poison.
You resist negative energy. (rN+)
You are resistant to electric shocks. (rElec)
You are resistant to unholy torment.
You are immune to petrification.


   Skills:
 - Level 5.3 Fighting
 + Level 7.0 Axes
 - Level 1.3 Throwing
 - Level 3.2 Armour
 - Level 1.0 Dodging
 - Level 3.2 Shields


You had 7 spell levels left.
You didn't know any spells.
Your spell library was empty.

Inventory:

Hand Weapons
 n - a +0 flail
 Y - a +1 war axe (weapon)
Missiles
 e - 8 boomerangs (quivered)
Armour
 c - a +0 buckler (worn)
 g - a +1 cloak (worn)
 o - a +0 chain mail (worn)
Scrolls
 a - a scroll of teleportation
 f - a scroll of identify
Potions
 b - a potion of haste {unknown}
 d - 2 potions of might
 i - a potion of attraction
 j - a potion of berserk rage {unknown}
 l - a potion of cancellation {unknown}
 m - a potion of mutation {unknown}

Dungeon Overview and Level Annotations

Branches:
Dungeon (5/15)
 Temple: D:4-7

Altars:
Ashenzari
Gozag

Shops:
D:1 *


Message History

You kill the scorpion!
You completely miss the wyvern.
The wyvern bites you but does no damage.
Your Throwing skill increases to level 1!
You have reached level 8!
You feel stronger.
You hit the wyvern but do no damage.
The wyvern is moderately wounded.
The wyvern bites you. You block the wyvern's attack.
You hit the wyvern but do no damage.
The wyvern is moderately wounded.
The wyvern bites you but does no damage.
An orc comes into view. It is wielding a +0 whip.
The wyvern misses you.
You hit the wyvern.
The wyvern is heavily wounded.
The wyvern barely misses you.
You barely miss the wyvern.
The wyvern is heavily wounded.
The wyvern closely misses you. The wyvern completely misses you.
You closely miss the wyvern.
The wyvern is heavily wounded.
The wyvern closely misses you. You block the wyvern's attack.
You closely miss the wyvern.
The wyvern is heavily wounded.
The wyvern bites you.
The wyvern bites you but does no damage.
You closely miss the wyvern.
The wyvern is heavily wounded.
The wyvern bites you but does no damage.
You block the wyvern's attack.
You barely miss the wyvern.
The wyvern is heavily wounded.
You closely miss the orc. The orc hits you but does no damage.
The wyvern bites you!
4352 ||| READING 2 scrolls of teleportation.
As you read the scroll of teleportation, it crumbles to dust.
You feel strangely unstable.
The wyvern bites you but does no damage.
You block the orc's attack. The wyvern bites you!
You die...

#.......# #.....
#.......# #.....
#.......# #...>.
#.......# #.....
#.......# ##.....
#.......# .......
#.......#
......o#######.......#
......l@.............#
.....................#
...........%.........#
...........%.........#
##.............<.....#
#...................#
#...................#
+.....########......###
...#......######....


You could see a wyvern and an orc.

Vanquished Creatures
  An ogre (D:4)
  A phantom (D:5)
  4 scorpions (D:5)
  A hound (D:5)
  3 orc priests
  2 sleepcaps (D:4)
  An orc wizard (D:4)
  5 gnolls
  7 adders
  A shadow imp (D:5)
  A white imp (D:5)
  5 worms (D:2)
  2 dart slugs
  12 orcs
  4 bats
  8 endoplasms
  3 giant cockroaches
  9 goblins
  12 hobgoblins
  6 jackals
  5 quokkas
  6 ball pythons
  3 frilled lizards (D:1)
  10 kobolds
  7 rats
119 creatures vanquished.

Notes
Turn   | Place    | Note
-------+----------+-------------------------------------------
     0 | D:1      | qw the Gargoyle Fighter began the quest for the Orb.
     0 | D:1      | Reached XP level 1. HP: 14/14 MP: 1/1
     0 | D:1      | 0 ||| qw: Version: 0.3-a-9-g12657ce
     0 | D:1      | 0 ||| qw: Game counter: 1563
     0 | D:1      | 0 ||| qw: Always use a shield: true
     0 | D:1      | 0 ||| qw: God list: Okawaru
     0 | D:1      | 0 ||| qw: Allow faded altars: false
     0 | D:1      | 0 ||| qw: Do Orc after D:15 true
     0 | D:1      | 0 ||| qw: Do second Lair branch before Depths: true
     0 | D:1      | 0 ||| qw: Lair rune preference: random
     0 | D:1      | 0 ||| qw: Plans: Normal, Zot:1-4, Slime:5, God:TSO, Crypt,
                  | Tomb, Abyss, Pan, Hells, Win
     0 | D:1      | 0 ||| PLANNING D:1-11
    17 | D:1      | Reached skill level 2 in Axes
    17 | D:1      | Reached XP level 2. HP: 19/19 MP: 2/2
    21 | D:1      | 21 ||| Stepping ~*~*~tactically~*~*~ (stealth).
   115 | D:1      | 115 ||| Stepping ~*~*~tactically~*~*~ (stealth).
   116 | D:1      | 116 ||| Stepping ~*~*~tactically~*~*~ (stealth).
   234 | D:1      | Reached skill level 3 in Axes
   235 | D:1      | Found Gufajoj's General Store.
   240 | D:1      | 240 ||| SHOPLISTING potion of curing (33 gold, have 0).
   315 | D:1      | Reached XP level 3. HP: 23/23 MP: 3/3
   654 | D:1      | 654 ||| DROPPING +0 club.
   882 | D:1      | 882 ||| READING scroll labelled CEADURGHUCHOI.
  1009 | D:2      | Reached XP level 4. HP: 17/28 MP: 4/4
  1104 | D:2      | Reached skill level 4 in Axes
  1299 | D:2      | 1299 ||| Stepping ~*~*~tactically~*~*~ (stealth).
  1701 | D:2      | 1701 ||| DROPPING scarf of shadows.
  1702 | D:2      | 1702 ||| READING scroll labelled LOMEKHL WANUOPP.
  1703 | D:2      | 1703 ||| READING scroll labelled SACWU UTUVOW.
  1892 | D:3      | 1892 ||| Stepping ~*~*~tactically~*~*~ (stealth).
  1899 | D:3      | Reached XP level 5. HP: 31/32 MP: 5/5
  2152 | D:3      | 2152 ||| Stepping ~*~*~tactically~*~*~ (stealth).
  2153 | D:3      | 2153 ||| Stepping ~*~*~tactically~*~*~ (hiding).
  2165 | D:3      | 2165 ||| Stepping ~*~*~tactically~*~*~ (hiding).
  2178 | D:3      | Reached skill level 5 in Axes
  2420 | D:3      | 2420 ||| DROPPING +0 mace.
  2441 | D:3      | You fall into a shaft and drop 1 floor!
  2593 | D:4      | 2593 ||| UPGRADING to +0 chain mail.
  2603 | D:4      | 2603 ||| DROPPING +0 scale mail.
  2604 | D:4      | 2604 ||| DROPPING ring of magical power.
  2605 | D:4      | 2605 ||| READING scroll labelled SUZOIG NAURU.
  2606 | D:4      | 2606 ||| READING scroll labelled OXONUO UWKIRCHU.
  2607 | D:4      | 2607 ||| DRINKING 2 coppery potions.
  2608 | D:4      | 2608 ||| DRINKING 2 fizzy emerald potions.
  2609 | D:4      | 2609 ||| DROPPING potion of invisibility.
  2728 | D:3      | 2728 ||| READING scroll labelled DAITIL UW VAYL.
  2789 | D:4      | 2789 ||| Stepping ~*~*~tactically~*~*~ (stealth).
  2790 | D:4      | 2790 ||| Stepping ~*~*~tactically~*~*~ (stealth).
  2808 | D:4      | Reached XP level 6. HP: 24/38 MP: 6/6
  3399 | D:4      | Reached skill level 6 in Axes
  3442 | D:4      | Reached skill level 1 in Dodging
  3459 | D:4      | Found an opulent altar of Gozag.
  3459 | D:4      | Found a broken altar of Ashenzari.
  3745 | D:4      | 3745 ||| UPGRADING to +1 cloak.
  3750 | D:4      | 3750 ||| READING scroll labelled NUTOEC FIELIPT.
  3751 | D:4      | 3751 ||| READING scroll labelled IJUL NAESEPPI.
  3907 | D:5      | Entered Level 5 of the Dungeon
  3911 | D:5      | 3911 ||| STAIRDANCE
  3936 | D:5      | Reached XP level 7. HP: 41/43 MP: 7/7
  3950 | D:5      | 3950 ||| Stepping ~*~*~tactically~*~*~ (hiding).
  3951 | D:5      | 3951 ||| Stepping ~*~*~tactically~*~*~ (hiding).
  3957 | D:5      | 3957 ||| FLEEEEING.
  3958 | D:5      | 3958 ||| FLEEEEING.
  3959 | D:5      | 3959 ||| FLEEEEING.
  3960 | D:5      | 3960 ||| FLEEEEING.
  3961 | D:5      | 3961 ||| FLEEEEING.
  3962 | D:5      | 3962 ||| FLEEEEING.
  3963 | D:5      | 3963 ||| STAIRDANCE
  4150 | D:5      | Reached skill level 7 in Axes
  4336 | D:5      | Noticed a wyvern
  4344 | D:5      | Reached skill level 1 in Throwing
  4344 | D:5      | Reached XP level 8. HP: 24/49 MP: 8/8
  4351 | D:5      | HP: 7/49 [wyvern (9)]
  4352 | D:5      | 4352 ||| READING 2 scrolls of teleportation.
  4352 | D:5      | Slain by a wyvern

Levels and vault maps discovered:
D:1:      lemuel_arrival_hallway, layout_loops_corners, serial_shops, shop
D:2:      layout_loops_ring, minmay_octomino_c4
D:3:      layout_basic
D:4:      layout_basic, minitemple, kennysheep_small_square
D:5:      layout_gridville, minmay_temple_entry_large_hall

Skill      XL: |  1  2  3  4  5  6  7 |
---------------+----------------------+-----
Axes           | 2 3 4 5 6 7 |  7.0
Fighting       | 4 5 |  5.3
Dodging        | 1 |  1.0
Throwing       | 1 |  1.3
Armour         | |  3.2
Shields        | |  3.2

Action                     |  1- 3 |  4- 6 |  7- 9 || total
---------------------------+-------+-------+-------++-------
  Melee: War axe           |   114 |   230 |    83 ||   427
  Throw: Boomerang         |       |    13 |    10 ||    23
    Use: Scroll            |     1 |     7 |     1 ||     9
         Potion            |       |     2 |       ||     2
 Armour: Scale mail        |    61 |    57 |       ||   118
         Chain mail        |       |    40 |    54 ||    94
  Dodge: Dodged            |    59 |    87 |    33 ||   179
  Block: Buckler           |    18 |    34 |    24 ||    76

Table legend:
 A = Non-vault XP
 B = Vault XP
 C = Vault XP percentage of total XP
 D = Non-vault monster count
 E = Vault monster count
 F = Vault count percentage of total count
                 A         B        C        D         E       F
            +---------+---------+-------+---------+---------+-------
      Total |    1186 |      26 |   2.1 |     111 |       8 |   6.7
            +---------+---------+-------+---------+---------+-------
        D:1 |      58 |       0 |   0.0 |      29 |       0 |   0.0
        D:2 |      71 |      20 |  22.0 |      20 |       5 |  20.0
        D:3 |      95 |       0 |   0.0 |      23 |       0 |   0.0
        D:4 |     354 |       6 |   1.7 |      23 |       3 |  11.5
        D:5 |     608 |       0 |   0.0 |      16 |       0 |   0.0
            +---------+---------+-------+---------+---------+-------
